 Dungeon Crawl Stone Soup version 0.19.1 (webtiles) character file.

328896 ChaseSP the Peltast (level 20, -2/196 HPs)
             Began as a Deep Dwarf Fighter on Nov 25, 2016.
             Was the Champion of Ru.
             Slain by an earth elemental (21 damage)
             ... summoned by a deep elf elementalist
             ... on level 3 of the Elven Halls on Nov 26, 2016.
             The game lasted 03:25:06 (43749 turns).

ChaseSP the Peltast (Deep Dwarf Fighter)           Turns: 43749, Time: 03:25:07

Health: -2/196     AC: 27    Str: 30    XL:     20   Next: 81%
Magic:  6/12       EV:  9    Int: 18    God:    Ru [******]
Gold:   2780       SH: 29    Dex: 16    Spells: 2 memorised, 23 levels left

rFire  + + .     SeeInvis +     a - +6 morningstar of an ossuary {crush, *Corrode rF+ Int+7 SInv}
rCold  + . .     Gourm    .     E - +6 gold dragon scales
rNeg   + + .     Faith    .     B - +3 large shield of Blue Skies {Int+4 Dex+3}
rPois  +         Spirit   .     p - +0 mask of the Dragon {MR+ Slay+3 SInv}
rElec  .         Reflect  +     l - +1 cloak
rCorr  .         Harm     .     O - +0 pair of gloves
MR     +++..                    K - +1 pair of boots
Stlth  ..........               D - +5 amulet of reflection
                                d - ring of Pumafup {rN+ MP+9 Str+4 Slay+3}
                                N - +3 ring of protection

@: exhausted, about to teleport, no potions, corroded, no scrolls,
non-regenerating, heavily drained
A: damage resistance, recharge devices, clumsy 1, dopey 1, mutation resistance
1, negative energy resistance 1, sense surroundings 3, slow regeneration 3,
subdued magic 1, inability to drink while threatened, inability to read while
threatened, no stealth, no conjurations magic, no earth magic, no transmutations
magic, reduced AC 1, magic vulnerability 1
a: Device Recharging, Draw Out Power, Power Leap, Apocalypse, Renounce Religion
}: 2/15 runes: barnacled, gossamer


You were on level 3 of the Elven Halls.
You worshipped Ru.
Ru was exalted by your worship.
You were not hungry.

You visited 7 branches of the dungeon, and saw 37 of its levels.
You visited the Abyss 1 time.
You also visited: Labyrinth.

You collected 4651 gold pieces.
You spent 1871 gold pieces at shops.

Inventory:

Hand Weapons
 a - the +6 morningstar of an ossuary (weapon) {crush, *Corrode rF+ Int+7 SInv}
   (You bought it in a shop on level 2 of the Orcish Mines)

   It inflicts extra damage upon your enemies.
   It affects your intelligence (+7).
   It protects you from fire.
   It lets you see invisible.
   It may corrode you when you take damage.
 b - a +5 hand crossbow of freezing
Missiles
 Q - 734 bolts
Armour
 l - a +1 cloak (worn)
 p - the +0 mask of the Dragon (worn) {MR+ Slay+3 SInv}
   (You bought it in a shop on level 9 of the Dungeon)

   It affects your accuracy and damage with ranged weapons and melee attacks
   (+3).
   It affects your resistance to hostile enchantments.
   It lets you see invisible.
 B - the +3 large shield of Blue Skies (worn) {Int+4 Dex+3}
   (You found it on level 5 of the Dungeon)

   It affects your intelligence (+4).
   It affects your dexterity (+3).
 E - +6 gold dragon scales (worn)
 K - a +1 pair of boots (worn)
 O - a +0 pair of gloves (worn)
Jewellery
 d - the ring of Pumafup (right hand) {rN+ MP+9 Str+4 Slay+3}
   (You bought it in a shop on level 2 of the Orcish Mines)

   [ring of magical power]

   It affects your strength (+4).
   It affects your accuracy and damage with ranged weapons and melee attacks
   (+3).
   It protects you from negative energy.
   It affects your magic capacity (+9).
 o - the amulet "Gyvvunk" {rElec Regen+ Dex+7}
   (You found it on level 2 of the Elven Halls)

   [amulet of regeneration]

   It affects your dexterity (+7).
   It insulates you from electricity.
   It increases your rate of regeneration.
 w - a +2 ring of protection
 D - a +5 amulet of reflection (around neck)
 N - a +3 ring of protection (left hand)
Wands
 c - a wand of iceblast (7/15)
 e - a wand of heal wounds (0/9)
 m - a wand of lightning (4/15)
 n - a wand of lightning (4/15)
 t - a wand of teleportation (7/9)
 G - a wand of disintegration (16/24)
 L - a wand of flame (10/48)
 P - a wand of iceblast (6/15)
 R - a wand of slowing (21/48)
 S - a wand of acid (6/15)
 W - a wand of acid (11/15)
 X - a wand of slowing (17/48)
Scrolls
 k - a scroll of identify
 r - a scroll of holy word
 u - 11 scrolls of teleportation
 v - 4 scrolls of fear
 y - 19 scrolls of remove curse
 z - a scroll of summoning
 A - 4 scrolls of blinking
 H - 3 scrolls of enchant armour
 U - a scroll of fog
Potions
 g - 2 potions of magic
 h - a potion of cancellation
 j - 4 potions of resistance
 q - 4 potions of invisibility
 x - 5 potions of flight
 C - 9 potions of curing
 I - 2 potions of ambrosia
 J - 3 potions of agility
 M - 3 potions of brilliance
 T - a potion of haste
 V - 7 potions of cure mutation
Miscellaneous
 F - a phial of floods
 Z - 2 boxes of beasts
Comestibles
 f - 29 bread rations
 s - 15 meat rations


   Skills:
 * Level 16.1(13.4) Fighting
   Level 16.1(15.3) Axes
 - Level 13.3 Maces & Flails
 - Level 10.0(7.6) Crossbows
 * Level 14.9(12.3) Armour
 + Level 11.5(9.1) Dodging
 + Level 16.7(13.9) Shields
 - Level 4.2(2.3) Spellcasting
 - Level 2.0(0.1) Translocations
 + Level 15.9(13.3) Evocations


You had 23 spell levels left.
You knew the following spells:

 Your Spells              Type           Power        Failure   Level  Hunger
a - Blink                 Tloc           N/A          100%        2    ##.....
b - Repel Missiles        Chrm/Air       #.....       100%        2    ##.....


Dungeon Overview and Level Annotations

Branches:
Dungeon (15/15)            Temple (0/1) D:5            Lair (6/6) D:11
 Shoals (4/4) Lair:3       Spider (4/4) Lair:4        Slime (0/5) Lair:5
    Orc (2/2) D:9             Elf (3/3) Orc:2        Vaults (3/5) D:13
  Crypt (0/3) Vaults:3     Depths (0/5) D:15

Altars:
Cheibriados
Elyvilon
Hepliaklqana
Kikubaaqudgha
Nemelex Xobeh
Qazlal
Ru
Jiyva

Shops:
D:6 (   D:9 [   Orc:2 =*[(

Annotations:
Lair:1 exclusion: oklob plant


Innate Abilities, Weirdness & Mutations

You are resistant to damage.
You can recharge devices by infusing magical energy.
You are clumsy. (Dex -2)
You are dopey. (Int -2)
You resist negative energy. (rN+)
You passively map a large area around you.
You do not regenerate.
You cannot drink potions while threatened.
You cannot read scrolls while threatened.
You cannot be stealthy.
You cannot study or cast Conjurations magic.
You cannot study or cast Earth magic.
You cannot study or cast Transmutations magic.
You take slightly more damage. (AC -3)
You are slightly vulnerable to magic. (MR-)
You are somewhat resistant to further mutation.
Your spells are a little easier to cast, but a little less powerful.


Message History

You block the deep elf demonologist's attack.
The deep elf mage mumbles some strange words.
Nothing appears to happen.
The orange demon barely misses you.
The earth elemental is stunned by your will and fails to attack.
You block the deep elf elementalist's attack.
The Ice Fiend claws you but does no damage. x2
The deep elf death mage seems less brilliant.
The deep elf demonologist seems less brilliant.
The deep elf elementalist seems less brilliant.
The deep elf knight seems less brilliant.
The deep elf mage seems less brilliant.
The deep elf knight gestures wildly while chanting.
The deep elf knight flickers and vanishes for a moment.
The orange demon stings you but does no damage.
You block the earth elemental's attack.
You block the deep elf elementalist's attack.
You block the earth elemental's attack.
The deep elf demonologist begins to cast a spell, but is stunned by your will!
The earth elemental hits you!!
You die...

#.............#
#######.##
###.........###
##.#
###.....### ##.
###.....## ##
#####..# # ##x#
# #E### #


#EEE# # #E@1# #EeeE# #EE4## * #1#4# ###e# ** , * #e# * , ,,, #e# ,, , , *#e#* ,
* *, , #)#* , *, You could see a Brimstone Fiend, an Ice Fiend (blind), a deep
elf death mage, a deep elf elementalist, a deep elf demonologist, 2 orange
demons, a deep elf knight (invisible), a deep elf high priest, 9 earth
elementals, a deep elf mage and a crawling corpse.

Vanquished Creatures
  Bai Suzhen (Shoals:3)
  Rupert (Spider:1)
  A lich (Vaults:2)
  A deep elf blademaster (Elf:3)
  A sphinx (Vaults:1)
  A kraken (Shoals:2)
  Kirke (D:13)
  Agnes (Elf:1)
  Ilsuiw (Shoals:4)
  2 fire giants (Vaults:2)
  5 ghost moths
  A frost giant (Shoals:4)
  12 vault wardens
  2 deep elf sorcerers (Elf:3)
  A ghoul (Vaults:2)
  2 orc warlords
  8 emperor scorpions
  7 ironheart preservers
  7 very ugly things
  6 entropy weavers
  2 stone giants
  2 deep elf demonologists
  4 deep elf annihilators
  A crystal guardian (Vaults:3)
  A minotaur (Lab)
  The ghost of valrus the Fighter, a journeyman DsWn of Ru (Lair:3)
  3 merfolk javelineers
  10 merfolk impalers
  5 yaktaur captains
  A deep elf death mage (Elf:1)
  3 deep elf high priests
  3 fire dragons
  9 ogre magi
  5 hydras
  3 rakshasas
  An ice dragon (Vaults:3)
  A catoblepas (Lair:6)
  12 vault guards
  4 centaur warriors
  5 death knights
  4 merfolk aquamancers (Shoals:4)
  22 dancing weapons
  3 merfolk avatars
  2 deep troll shamans
  4 tengu warriors
  7 death yaks
  Urug (D:13)
  20 deep elf knights
  6 orc high priests
  A shadow wraith (Vaults:3)
  Nergalle (D:11)
  7 skeletal warriors
  A sixfirhy (Abyss:3)
  4 deep trolls
  2 flayed ghosts
  3 glowing orange brains
  9 deep elf archers
  6 unseen horrors
  10 hill giants
  13 sea snakes
  2 wizards
  9 ironbrand convokers
  An orange crystal statue (Elf:3)
  Pikel (D:4)
  16 harpies
  22 orc knights
  A phantasmal warrior (Vaults:2)
  2 necromancers
  A cyclops (shapeshifter) (D:8)
  31 ugly things
  18 orb spiders
  44 deep elf magi
  6 orc sorcerers (Orc:2)
  A salamander (shapeshifter) (D:15)
  14 manticores
  3 fauns (Shoals:1)
  2 moths of wrath
  23 wolf spiders
  9 elephants
  2 centaur zombies
  5 cyclopes
  8 black mambas
  6 water nymphs
  A smoke demon (Abyss:3)
  8 sirens
  5 vault sentinels
  4 torpor snails
  9 spiny frogs
  A gargoyle (D:14)
  5 rime drakes
  11 demonic crawlers
  An efreet (D:14)
  7 freezing wraiths
  6 komodo dragons
  17 yaktaurs
  33 jumping spiders
  A guardian mummy (D:15)
  8 trolls
  3 polar bears
  A meliai (shapeshifter) (D:14)
  4 wind drakes
  31 merfolk
  A queen bee (Lair:5)
  6 hornets
  11 two-headed ogres
  Prince Ribbit (D:5)
  2 meliai (Lair:5)
  A sphinx simulacrum (Vaults:1)
  A blink frog (shapeshifter) (D:15)
  A fire dragon zombie (D:15)
  9 blink frogs
  12 hippogriffs
  A wind drake (shapeshifter) (D:15)
  An ice dragon zombie (D:15)
  4 dream sheep (Lair:6)
  6 snapping turtles
  7 water elementals
  6 starcursed masses (Abyss:3)
  13 slime creatures
  2 shadows
  74 redbacks
  26 tarantellas
  39 yaks
  7 wraiths
  A spriggan (D:7)
  2 air elementals
  4 wyverns
  An ice dragon skeleton (D:15)
  A tarantella (shapeshifter) (Vaults:1)
  Eustachio (D:6)
  A hog (shapeshifter) (Vaults:1)
  2 hungry ghosts
  3 hogs (D:13)
  A warg (Orc:2)
  3 basilisks
  2 fire elementals (Elf:1)
  2 mottled dragons
  5 swamp worms (Spider:1)
  Edmund (D:4)
  A tengu zombie (D:15)
  15 water moccasins
  3 hell hounds (Abyss:3)
  48 orc warriors
  7 porcupines
  4 black bears
  A hornet zombie (D:8)
  3 sky beasts
  A necrophage (D:9)
  An elephant zombie (Lair:3)
  3 ice beasts
  18 centaurs
  31 ogres
  5 phantoms
  6 wolves
  11 boggarts
  12 crocodiles
  Blork the orc (D:5)
  13 bullfrogs
  3 big kobolds
  2 earth elementals
  A wyvern zombie (D:11)
  8 scorpions
  58 killer bees
  5 wights (D:13)
  13 electric eels
  A howler monkey (D:3)
  6 crimson imps
  3 quasits
  2 basilisk zombies (Lair:3)
  2 bullfrog zombies
  A human simulacrum (Vaults:2)
  9 jellies
  A bullfrog skeleton (D:5)
  5 hounds
  31 orc wizards
  34 orc priests
  Crazy Yiuf (D:6)
  4 centaur skeletons
  2 hell rats (Lair:5)
  8 iguanas
  8 worker ants
  3 hound zombies
  5 hound skeletons
  A mummy (D:7)
  A howler monkey zombie (D:6)
  8 gnolls
  14 adders
  3 shadow imps
  13 oozes (Lair:1)
  An adder skeleton (D:4)
  16 worms
  5 leopard geckos
  95 orcs
  A ball python (D:1)
  2 bat skeletons (D:2)
  4 bat zombies (D:2)
  4 giant cockroaches
  9 goblins
  8 hobgoblins
  11 jackals
  17 kobolds
  2 quokkas
  A ball python skeleton (D:4)
  2 bats
  7 frilled lizards
  2 hobgoblin zombies (D:7)
  A kobold zombie (D:7)
  An orc zombie (D:7)
  9 rats
  2 fungi
  11 plants
  2 tentacles (Shoals:2)
1561 creatures vanquished.

Vanquished Creatures (others)
  An ironheart preserver (Vaults:3)
  A stone giant (Vaults:3)
  A deep elf annihilator (Elf:3)
  2 merfolk javelineers
  A merfolk impaler (Shoals:4)
  A yaktaur captain (Vaults:2)
  2 hydras
  A centaur warrior (D:8)
  2 deep elf knights (Elf:2)
  2 deep elf archers
  2 ironbrand convokers (Vaults:1)
  A phantasmal warrior (D:15)
  An orb spider (Spider:3)
  2 harpies (Shoals:2)
  2 wolf spiders
  4 fauns (Shoals:1)
  2 deep elf magi
  4 cyclopes
  An ugly thing (D:14)
  An elephant (Lair:5)
  3 yaktaurs
  A polar bear (Lair:6)
  A troll (Orc:2)
  A jumping spider (Vaults:3)
  A merfolk (Shoals:2)
  A starcursed mass (Abyss:3)
  5 redbacks
  A tarantella (Spider:4)
  An orc warrior (Orc:2)
  A boggart (Vaults:1)
  2 ogres
  2 centaurs
  A scorpion (D:10)
  A hound (D:9)
  An orc priest (Orc:1)
  2 orc wizards
  2 orcs
  7 bushes (D:8)
  14 fungi
  16 plants
  18 tentacles (Shoals:2)
116 creatures vanquished.

Grand Total: 1677 creatures vanquished

Notes
Turn   | Place    | Note
-------+----------+-------------------------------------------
     0 | D:1      | ChaseSP the Deep Dwarf Fighter began the quest for the Orb.
     0 | D:1      | Reached XP level 1. HP: 20/20 MP: 1/1
   137 | D:1      | Reached XP level 2. HP: 25/27 MP: 2/2
   144 | D:1      | Found a snail-covered altar of Cheibriados.
   810 | D:2      | Reached XP level 3. HP: 26/33 MP: 3/3
   824 | D:2      | Found an ancient bone altar of Kikubaaqudgha.
   998 | D:2      | Reached XP level 4. HP: 35/40 MP: 4/4
  1346 | D:2      | Reached skill level 5 in Axes
  1483 | D:3      | Reached XP level 5. HP: 24/46 MP: 5/5
  1844 | D:3      | Found a sparkling altar of Nemelex Xobeh.
  1888 | D:3      | Found a sacrificial altar of Ru.
  1897 | D:3      | Became a worshipper of Ru the Awakened
  1940 | D:3      | Reached XP level 6. HP: 47/55 MP: 6/6
  1999 | D:4      | Noticed a slave
  2001 | D:4      | Noticed a slave
  2002 | D:4      | Noticed Pikel
  2005 | D:4      | Noticed a slave
  2015 | D:4      | Killed Pikel
  2015 | D:4      | Reached XP level 7. HP: 47/61 MP: 7/7
  2167 | D:4      | Reached skill level 10 in Axes
  2239 | D:4      | Noticed Edmund
  2253 | D:4      | Killed Edmund
  2253 | D:4      | Reached XP level 8. HP: 41/68 MP: 8/8
  2579 | D:5      | Entered Level 5 of the Dungeon
  2587 | D:5      | Got a faintly humming large shield
  2589 | D:5      | Noticed Blork the orc
  2600 | D:5      | Killed Blork the orc
  2624 | D:5      | Identified the +3 large shield of Blue Skies {Int+4 Dex+3} (You found it on level 5 of the Dungeon)
  2659 | D:5      | Found a staircase to the Ecumenical Temple.
  2924 | D:5      | Gained mutation: You cannot read scrolls while threatened. [Ru sacrifice]
  2924 | D:5      | Reached * piety under Ru
  2995 | D:5      | Noticed Prince Ribbit
  3325 | D:6      | Found Haotuahe's Weapon Boutique.
  3621 | D:6      | Bought a +0 hand crossbow for 49 gold pieces
  3621 | D:6      | Bought 7 bolts for 19 gold pieces
  3688 | D:6      | Found a runed door.
  3771 | D:6      | Noticed Eustachio
  3795 | D:6      | Killed Eustachio
  3894 | D:6      | Gained mutation: You passively map the area around you. [Deep Dwarf growth]
  3894 | D:6      | Reached XP level 9. HP: 71/75 MP: 8/8
  4287 | D:6      | Noticed Crazy Yiuf
  4301 | D:6      | Killed Crazy Yiuf
  4462 | D:7      | Reached skill level 5 in Armour
  5032 | D:7      | Gained mutation: You take slightly more damage. (AC -3) [Ru sacrifice]
  5032 | D:7      | Reached ** piety under Ru
  5092 | D:8      | Reached skill level 5 in Fighting
  5092 | D:8      | Reached skill level 1 in Maces & Flails
  5789 | D:9      | Reached XP level 10. HP: 69/88 MP: 8/8
  5798 | D:9      | Found a staircase to the Orcish Mines.
  5798 | D:9      | Found Xoug's Armour Shop.
  5823 | D:9      | Bought the +0 mask of the Dragon {MR+ Slay+3 SInv} for 400 gold pieces
  5823 | D:9      | Bought a cursed +0 pair of boots for 18 gold pieces
  6376 | D:8      | Noticed a tengu warrior
  6699 | D:9      | Gained mutation: You cannot be stealthy. [Ru sacrifice]
  6699 | D:9      | Reached *** piety under Ru
  7171 | D:10     | Entered Level 10 of the Dungeon
  7582 | D:10     | Reached skill level 5 in Shields
  7700 | D:10     | Found a white marble altar of Elyvilon.
  7880 | D:10     | Noticed a hill giant
  7912 | D:10     | Killed a hill giant
  8002 | D:10     | Noticed an unseen horror
  8018 | D:10     | Killed an unseen horror
  8018 | D:10     | Reached XP level 11. HP: 81/99 MP: 7/7
  8552 | D:11     | Reached skill level 1 in Crossbows
  8594 | D:11     | Noticed a seven-headed hydra
  8605 | D:11     | Killed a seven-headed hydra
  8977 | D:11     | Noticed a hill giant
  8991 | D:11     | Killed a hill giant
  9000 | D:11     | Found a staircase to the Lair.
  9024 | Lair:1   | Entered Level 1 of the Lair of Beasts
  9026 | Lair:1   | Gained mutation: You are dopey. (Int -2) [Ru sacrifice]
  9306 | Lair:1   | Reached skill level 15 in Axes
  9371 | Lair:1   | Noticed an oklob plant
 10072 | Lair:2   | Learned a level 2 spell: Blink
 10086 | Lair:2   | Learned a level 2 spell: Repel Missiles
 10191 | Lair:2   | Reached skill level 1 in Translocations
 10840 | Lair:3   | Reached XP level 12. HP: 39/109 MP: 5/5
 11071 | Lair:3   | Found a staircase to the Shoals.
 11139 | Lair:3   | Noticed an eight-headed hydra
 11154 | Lair:3   | Killed an eight-headed hydra
 11154 | Lair:3   | Reached skill level 1 in Spellcasting
 11239 | Lair:3   | Noticed valrus's ghost (journeyman DsWn)
 11261 | Lair:3   | Killed valrus's ghost
 11322 | Lair:3   | Reached skill level 10 in Armour
 11419 | Lair:3   | Noticed a death yak
 11442 | Lair:3   | Killed a death yak
 11920 | Lair:4   | Reached skill level 1 in Dodging
 11924 | Lair:4   | Found a hole to the Spider Nest.
 11975 | Lair:4   | Found a labyrinth entrance.
 12105 | Lab      | Entered a labyrinth
 12200 | Lab      | Noticed a minotaur
 12210 | Lab      | Killed a minotaur
 12219 | Lab      | Got a pitted fustibalus
 12220 | Lab      | Identified the cursed +2 fustibalus of Hard Scrabble {venom, rC+ Int+2} (You found it in a labyrinth)
 12757 | Lair:5   | Gained mutation: You are somewhat resistant to further mutation. [potion of mutation]
 12757 | Lair:5   | Gained mutation: Your spells are a little easier to cast, but a little less powerful. [potion of mutation]
 12848 | Lair:5   | Noticed a death yak
 12863 | Lair:5   | Killed a death yak
 12996 | Lair:5   | Reached XP level 13. HP: 73/115 MP: 8/8
 13120 | Lair:5   | Found a viscous altar of Jiyva.
 13121 | Lair:5   | Found a staircase to the Slime Pits.
 13330 | Lair:5   | Gained mutation: You cannot drink potions while threatened. [Ru sacrifice]
 13330 | Lair:5   | Reached **** piety under Ru
 13363 | Lair:5   | Reached skill level 1 in Evocations
 13386 | Lair:5   | Reached skill level 5 in Dodging
 15416 | D:11     | Noticed Nergalle
 15432 | D:11     | Killed Nergalle
 15454 | D:11     | Gained mutation: You are clumsy. (Dex -2) [Ru sacrifice]
 15454 | D:11     | Reached ***** piety under Ru
 16008 | Lair:6   | Entered Level 6 of the Lair of Beasts
 16201 | Lair:6   | Reached skill level 10 in Shields
 16414 | Lair:6   | Reached skill level 5 in Crossbows
 16582 | Lair:6   | Reached skill level 5 in Evocations
 16585 | Lair:6   | Gained mutation: You resist negative energy. (rN+) [Deep Dwarf growth]
 16585 | Lair:6   | Reached XP level 14. HP: 90/127 MP: 10/10
 16699 | Lair:6   | Gained mutation: You cannot study or cast Earth magic. [Ru sacrifice]
 16699 | Lair:6   | Gained mutation: You cannot study or cast Transmutations magic. [Ru sacrifice]
 16699 | Lair:6   | Gained mutation: You cannot study or cast Conjurations magic. [Ru sacrifice]
 17678 | Orc:1    | Entered Level 1 of the Orcish Mines
 17858 | Orc:2    | Entered Level 2 of the Orcish Mines
 18828 | Orc:2    | Found a staircase to the Elven Halls.
 19458 | Orc:2    | Noticed an orc warlord
 19483 | Orc:2    | Killed an orc warlord
 19768 | Orc:2    | Found Asahofaafo's Antique Armour Boutique.
 19769 | Orc:2    | Found Pilenur's Antique Weapon Shop.
 19770 | Orc:2    | Found Gunopeiq's General Store.
 19770 | Orc:2    | Found Hoprubb's Jewellery Boutique.
 19774 | Orc:2    | Bought a potion of magic for 128 gold pieces
 19774 | Orc:2    | Bought a scroll of teleportation for 48 gold pieces
 19785 | Orc:2    | Bought a slimy morningstar for 216 gold pieces
 19785 | Orc:2    | Identified the +6 morningstar of an ossuary {crush, *Corrode rF+ Int+7 SInv} (You bought it in a shop on level 2 of the Orcish Mines)
 19796 | Orc:2    | Bought the ring of Pumafup {rN+ MP+9 Str+4 Slay+3} for 835 gold pieces
 19901 | Orc:2    | Gained mutation: You are slightly vulnerable to magic. (MR-) [Ru sacrifice]
 19901 | Orc:2    | Reached ****** piety under Ru
 20866 | D:13     | Found a stormy altar of Qazlal.
 20906 | D:13     | Noticed Urug
 20917 | D:13     | Killed Urug
 21158 | D:13     | Found a gate to the Vaults.
 21242 | D:13     | Reached XP level 15. HP: 90/136 MP: 9/9
 21496 | D:13     | Noticed Kirke
 21515 | D:13     | Killed Kirke
 21951 | D:13     | Reached skill level 10 in Evocations
 22115 | D:14     | Found a hazy altar of Hepliaklqana.
 22505 | D:14     | Reached skill level 10 in Fighting
 22817 | D:15     | Entered Level 15 of the Dungeon
 22884 | D:15     | Found a staircase to the Depths.
 23109 | D:15     | Reached skill level 5 in Maces & Flails
 24132 | D:6      | Bought a +0 falchion for 42 gold pieces
 24132 | D:6      | Bought a +0 hand crossbow of freezing for 116 gold pieces
 24405 | Spider:1 | Entered Level 1 of the Spider Nest
 24816 | Spider:1 | Identified the Compendium of Clay
 24873 | Spider:1 | Reached XP level 16. HP: 103/147 MP: 11/11
 25138 | Spider:1 | Noticed Rupert
 25148 | Spider:1 | Killed Rupert
 26680 | Shoals:1 | Entered Level 1 of the Shoals
 28081 | Shoals:2 | Noticed a kraken
 28121 | Shoals:2 | Killed a kraken
 28218 | Shoals:3 | Reached skill level 10 in Crossbows
 28247 | Shoals:3 | Reached XP level 17. HP: 90/157 MP: 11/11
 28382 | Shoals:3 | Noticed Bai Suzhen
 28429 | Shoals:3 | Killed Bai Suzhen
 28968 | Shoals:4 | Entered Level 4 of the Shoals
 29907 | Shoals:4 | Got a barnacled rune of Zot
 29986 | Shoals:4 | Reached skill level 15 in Evocations
 30088 | Shoals:4 | Noticed Ilsuiw
 30148 | Shoals:4 | Killed Ilsuiw
 30814 | D:5      | Killed Prince Ribbit
 32238 | Spider:4 | Entered Level 4 of the Spider Nest
 32261 | Spider:4 | Reached skill level 10 in Maces & Flails
 32837 | Spider:4 | Gained mutation: You passively map a large area around you. [Deep Dwarf growth]
 32837 | Spider:4 | Reached XP level 18. HP: 51/168 MP: 7/7
 33856 | Spider:4 | Got a gossamer rune of Zot
 34293 | Vaults:1 | Entered Level 1 of the Vaults
 34971 | Vaults:1 | Noticed a Hell Sentinel
 35405 | Vaults:1 | HP: 3/174 [yaktaur[a vault warden] (15)]
 36797 | Vaults:2 | Reached XP level 19. HP: 138/182 MP: 4/4
 38700 | Vaults:3 | Reached skill level 15 in Shields
 38991 | Vaults:3 | Reached skill level 10 in Dodging
 39408 | Vaults:3 | Reached skill level 15 in Fighting
 40185 | Vaults:3 | Reached XP level 20. HP: 125/194 MP: 3/3
 40229 | Vaults:3 | Found a staircase to the Crypt.
 40909 | Elf:1    | Entered Level 1 of the Elven Halls
 41885 | Elf:2    | Noticed Agnes
 41901 | Elf:1    | Killed Agnes
 42062 | Elf:2    | Got a sparkling diamond amulet
 42064 | Elf:2    | Identified the amulet "Gyvvunk" {rElec Regen+ Dex+7} (You found it on level 2 of the Elven Halls)
 42309 | Elf:2    | Found a runed gate.
 42309 | Elf:2    | Found a runed gate.
 42309 | Elf:2    | Found a runed gate.
 43039 | Elf:3    | Entered Level 3 of the Elven Halls
 43602 | Elf:3    | Cast into level 3 of the Abyss (a deep elf demonologist)
 43659 | Abyss:3  | Found a corrupted altar of Lugonu.
 43681 | Abyss:3  | Found a sparkling altar of Nemelex Xobeh.
 43710 | Abyss:3  | Found a sparkling altar of Nemelex Xobeh.
 43731 | Elf:3    | Escaped the Abyss
 43749 | Elf:3    | Slain by an earth elemental

Skill      XL: |  1  2  3  4  5  6  7  8  9 10 11 12 13 14 15 16 17 18 19 20 |
---------------+-------------------------------------------------------------+-----
Axes           | 3 4 6 7 9 10 12 13 14 15 16 | 16.1
Fighting       | 3 5 6 7 8 9 10 11 12 14 15 16 | 16.1
Armour         | 4 6 8 9 10 11 12 13 14 | 14.9
Maces & Flails | 1 3 6 8 10 13 | 13.3
Shields        | 5 7 9 10 11 12 13 14 15 16 | 16.7
Crossbows      | 1 3 5 7 8 10 | 10.0
Translocations | 2 |  2.0
Spellcasting   | 3 4 |  4.2
Dodging        | 4 7 9 10 11 | 11.5
Evocations     | 5 9 12 13 15 | 15.9

Action                   |  1- 3 |  4- 6 |  7- 9 | 10-12 | 13-15 | 16-18 | 19-21 || total
-------------------------+-------+-------+-------+-------+-------+-------+-------++-------
Melee: War axe           |   169 |   134 |   486 |   959 |  1029 |       |       ||  2777
       Flail             |       |       |       |     4 |       |       |       ||     4
       Dire flail        |       |       |       |     9 |       |       |       ||     9
       Morningstar       |       |       |       |       |   698 |  1770 |   906 ||  3374
 Fire: Hand crossbow     |       |       |       |     3 |    19 |    62 |    44 ||   128
Invok: Sacrifice Words   |       |       |     1 |       |       |       |       ||     1
       Sacrifice Health  |       |       |     1 |       |       |       |       ||     1
       Draw Out Power    |       |       |       |     3 |     3 |    12 |    14 ||    32
       Sacrifice Stealth |       |       |       |     1 |       |       |       ||     1
       Sacrifice Purity  |       |       |       |     1 |     1 |       |       ||     2
       Apocalypse        |       |       |       |       |     4 |     5 |     7 ||    16
       Sacrifice Drink   |       |       |       |       |     1 |       |       ||     1
       Power Leap        |       |       |       |       |     2 |     3 |     3 ||     8
       Sacrifice Essence |       |       |       |       |     1 |       |       ||     1
       Sacrifice Arcana  |       |       |       |       |     1 |       |       ||     1
 Abil: Device Recharging |       |       |     2 |     7 |     5 |    12 |     2 ||    28
Evoke: Wand              |     1 |     2 |    10 |    42 |    35 |    54 |    20 ||   164
       Phantom mirror    |       |       |       |       |     1 |       |       ||     1
  Use: Scroll            |     6 |       |     8 |    13 |    21 |    11 |    10 ||    69
       Potion            |       |     1 |     6 |     7 |     1 |    15 |     1 ||    31
 Stab: Invisible         |       |       |       |     5 |     9 |     2 |       ||    16
       Distracted        |       |       |       |     6 |     9 |    10 |     6 ||    31
       Paralysed         |       |       |       |       |       |     7 |    14 ||    21
       Confused          |       |       |       |       |       |     2 |       ||     2
  Eat: Chunk             |     1 |     3 |    12 |    18 |    34 |    32 |    19 ||   119
       Pizza             |       |       |     1 |       |       |     2 |     1 ||     4
       Fruit             |       |       |       |     4 |    12 |     2 |     2 ||    20
       Royal jelly       |       |       |       |     1 |       |       |       ||     1
       Meat ration       |       |       |       |       |       |     1 |       ||     1
       Beef jerky        |       |       |       |       |       |       |     1 ||     1
Armor: Scale mail        |    78 |    70 |    73 |       |       |       |       ||   221
       Gold dragon scale |       |       |   159 |   530 |   440 |   761 |   179 ||  2069
       Chain mail        |       |       |     6 |       |       |       |       ||     6
Dodge: Dodged            |    43 |    49 |    56 |    63 |   158 |   311 |    87 ||   767
Block: Shield            |    77 |    75 |   214 |   284 |       |       |       ||   650
       Large shield      |       |       |       |   224 |  1495 |  2399 |   818 ||  4936
       Reflection        |       |       |       |     1 |    59 |   115 |    77 ||   252
